 Dungeon Crawl Stone Soup version 0.25-b1-37-g2669288c55 (webtiles) character file.

Game seed: 18287024700989233855

384 Chiseanne the Twirler (level 6, 0/51 HPs)
             Began as a Gnoll Wanderer on June 4, 2020.
             Slain by a gnoll
             ... wielding a +0 halberd
              (9 damage)
             ... on level 4 of the Dungeon.
             The game lasted 00:09:13 (2213 turns).

Chiseanne the Twirler (Gnoll Wanderer)              Turns: 2213, Time: 00:09:14

Health: 0/51       AC:  6    Str: 15 (16) XL:     6   Next: 77%
Magic:  9/9        EV: 10    Int: 12 (13) God:
Gold:   136        SH:  0    Dex: 15 (16) Spells: 4/9 levels left

rFire    . . .     SeeInvis .   a - +0 quarterstaff
rCold    . . .     Gourm    .   (shield currently unavailable)
rNeg     . . .     Faith    .   p - +0 scale mail
rPois    .         Spirit   .   (no helmet)
rElec    .         Reflect  .   (no cloak)
rCorr    .         Harm     .   (no gloves)
MR       .....     Clarity  +   (no boots)
Stlth    +.........             (no amulet)
HPRegen  0.17/turn              (no ring)
MPRegen  0.11/turn              (no ring)

@: stab
A: distributed training, fangs 1, hooves 1, clarity, strong nose
a: no special abilities


You were on level 4 of the Dungeon.
You were not hungry.

You visited 1 branch of the dungeon, and saw 4 of its levels.

You collected 136 gold pieces.

Inventory:

Hand Weapons
 a - a +0 quarterstaff (weapon)
 d - a +2 short sword of freezing
 s - a +3 dagger
Missiles
 e - 36 stones
 g - 19 sling bullets
 i - 13 bolts
 t - 14 arrows
 v - 3 boomerangs (quivered)
 y - a throwing net {!*}
Armour
 p - a +0 scale mail (worn)
 x - a +1 leather armour of poison resistance
Magical Staves
 w - an uncursed staff of conjuration {unknown}
Wands
 n - a wand of clouds (4)
 u - a wand of flame (10)
Scrolls
 k - 3 scrolls of identify
Potions
 b - a potion of lignification
 m - a potion of brilliance
 r - a potion of stabbing
Miscellaneous
 c - a box of beasts
Comestibles
 f - 5 rations
 j - 4 chunks of flesh


   Skills:
 + Level 5.0 Fighting
 + Level 2.0 Short Blades
 + Level 2.0 Long Blades
 + Level 2.0 Axes
 + Level 2.0 Maces & Flails
 + Level 2.0 Polearms
 + Level 6.8 Staves
 + Level 2.0 Slings
 + Level 3.3 Bows
 + Level 2.0 Crossbows
 + Level 2.0 Throwing
 + Level 3.3 Armour
 + Level 2.0 Dodging
 + Level 4.6 Stealth
 + Level 2.0 Shields
 + Level 2.0 Unarmed Combat
 + Level 2.0 Spellcasting
 + Level 1.6 Conjurations
 + Level 1.6 Hexes
 + Level 1.6 Charms
 + Level 1.6 Summonings
 + Level 1.6 Necromancy
 + Level 1.6 Translocations
 + Level 1.6 Transmutations
 + Level 1.6 Fire Magic
 + Level 1.6 Ice Magic
 + Level 1.6 Air Magic
 + Level 1.6 Earth Magic
 + Level 1.6 Poison Magic
 + Level 2.2 Invocations
 + Level 3.3 Evocations


You had 4 spell levels left.
You knew the following spells:

 Your Spells              Type           Power        Failure   Level  Hunger
a - Blink                 Tloc           N/A          61%         2    ###....
d - Mephitic Cloud        Conj/Pois/Air  #.......     83%         3    ####...

Your spell library contained the following spells:

 Spells                   Type           Power        Failure   Level  Hunger
 Magic Dart               Conj           #...         45%         1    ##.....
 Call Imp                 Summ           #.......     61%         2    ###....
 Slow                     Hex            #.......     61%         2    ###....
 Conjure Flame            Conj/Fire      #.......     83%         3    ####...


Dungeon Overview and Level Annotations

Branches:
Dungeon (4/15)
 Temple: D:4-7

Altars:
Makhleb
Okawaru


Innate Abilities, Weirdness & Mutations

Your experience applies equally to all skills.
You have very sharp teeth.
Your uncanny sense of smell can sniff out nearby items.
You have large cloven feet.
You possess an exceptional clarity of mind.


Message History

As you read the scroll labeled CEUKORPHIDGH, it crumbles to dust.
You feel blessed for a moment.
It was a scroll of remove curse.
The gnoll closely misses you. The gnoll shaman barely misses you.
As you read the scroll labeled PYTTOQ IXO, it crumbles to dust.
It is a scroll of identify.
m - a potion of brilliance The gnoll shaman hits you but does no damage.
The gnoll completely misses you.
You feel better. The gnoll shaman misses you.
It was a potion of degeneration.
There was something very wrong with that liquid.
You feel weakened.
You feel dopey.
You feel clumsy.
The gnoll hits you from afar with a +0 halberd.
* * * LOW HITPOINT WARNING * * *
The gnoll shaman hits you with a +0 whip.
* * * LOW HITPOINT WARNING * * *
You sock the gnoll shaman!
You kill the gnoll shaman!
The gnoll hits you from afar with a +0 halberd!
You die...

## #....#..#...####
#... #....##########
#... #....# #...#
#... #..##'## #...#
#... ##.##.# #...#
###... #..#.# #...#
#..... #.#.# #...#
#._...
#.#.#######..≈##
#.....
######.#gg)@........#
###...
#......#.######≈..≈.#
#### #........#
#≈≈≈≈≈≈≈# #........#
.....#####
#.......>##+######
#......#..........
#......#..........
########g.........
#.÷.......?


You could see 2 gnolls.

Vanquished Creatures
  A phantom (D:4)
  A scorpion (D:4)
  A howler monkey (D:4)
  A hound (D:4)
  A gnoll shaman (D:4)
  8 gnolls
  2 dart slugs
  2 leopard geckos (D:2)
  4 orcs
  12 bats
  7 giant cockroaches
  6 goblins
  10 hobgoblins
  A quokka (D:4)
  3 frilled lizards
  4 kobolds
  A leopard gecko skeleton (D:4)
  2 rats
67 creatures vanquished.

Notes
Turn   | Place    | Note
-------+----------+-------------------------------------------
     0 | D:1      | Chiseanne the Gnoll Wanderer began the quest for the Orb.
     0 | D:1      | Chiseanne set off with the following items: a +0
                  | quarterstaff, a potion of lignification, a box of beasts, a
                  | +0 robe, a +0 dagger, a ration
     0 | D:1      | Reached XP level 1. HP: 20/20 MP: 2/2
    95 | D:1      | Reached XP level 2. HP: 15/26 MP: 3/3
   570 | D:2      | Reached XP level 3. HP: 22/31 MP: 4/4
   887 | D:2      | Reached skill level 1 in Invocations
   905 | D:1      | Reached skill level 1 in Short Blades
   905 | D:1      | Reached skill level 1 in Long Blades
   905 | D:1      | Reached skill level 1 in Axes
   905 | D:1      | Reached skill level 1 in Maces & Flails
   905 | D:1      | Reached skill level 1 in Polearms
   905 | D:1      | Reached skill level 1 in Slings
   905 | D:1      | Reached skill level 1 in Crossbows
   905 | D:1      | Reached skill level 1 in Throwing
   905 | D:1      | Reached skill level 1 in Dodging
   905 | D:1      | Reached skill level 1 in Shields
   905 | D:1      | Reached skill level 1 in Unarmed Combat
   905 | D:1      | Reached skill level 1 in Spellcasting
   908 | D:1      | Reached XP level 4. HP: 11/38 MP: 4/6
  1328 | D:2      | Found an iron altar of Okawaru.
  1566 | D:3      | Learned a level 2 spell: Blink
  1570 | D:3      | Learned a level 3 spell: Mephitic Cloud
  1626 | D:3      | Reached skill level 1 in Conjurations
  1626 | D:3      | Reached skill level 1 in Hexes
  1626 | D:3      | Reached skill level 1 in Charms
  1626 | D:3      | Reached skill level 1 in Summonings
  1626 | D:3      | Reached skill level 1 in Necromancy
  1626 | D:3      | Reached skill level 1 in Translocations
  1626 | D:3      | Reached skill level 1 in Transmutations
  1626 | D:3      | Reached skill level 1 in Fire Magic
  1626 | D:3      | Reached skill level 1 in Ice Magic
  1626 | D:3      | Reached skill level 1 in Air Magic
  1626 | D:3      | Reached skill level 1 in Earth Magic
  1626 | D:3      | Reached skill level 1 in Poison Magic
  1751 | D:4      | Reached XP level 5. HP: 39/43 MP: 7/7
  2002 | D:4      | Found a burning altar of Makhleb.
  2018 | D:4      | Reached XP level 6. HP: 49/50 MP: 8/8
  2151 | D:4      | Noticed a phantom
  2170 | D:4      | Killed a phantom
  2170 | D:4      | Reached skill level 5 in Fighting
  2208 | D:4      | Gained mutation: Armour fits poorly on your strangely
                  | shaped body. [potion of mutation]
  2208 | D:4      | Lost mutation: Armour fits poorly on your strangely shaped
                  | body. [potion of mutation]
  2208 | D:4      | Gained mutation: You possess an exceptional clarity of
                  | mind. [potion of mutation]
  2208 | D:4      | Gained mutation: You have large cloven feet. [potion of
                  | mutation]
  2213 | D:4      | Slain by a gnoll

Illustrated notes

Levels and vault maps discovered:
D:1:      dpeg_arrival_rhombi, layout_rooms
D:2:      layout_basic, lemuel_coloured_pillars_altar, first_ration
D:3:      layout_rooms
D:4:      layout_basic, kennysheep_mini_moat, lemuel_crystal_altar,
          serial_rivers, chequers_serial_rivers_micro_b,
          chequers_serial_rivers_micro_e, chequers_serial_rivers_micro_c,
          chequers_serial_rivers_marsh, chequers_serial_rivers_marsh,
          bloody_makhleb

Skill      XL: |  1  2  3  4  5  6 |
---------------+-------------------+-----
Invocations    | 1 2 |  2.2
Short Blades   | 1 2 |  2.0
Long Blades    | 1 2 |  2.0
Axes           | 1 2 |  2.0
Maces & Flails | 1 2 |  2.0
Polearms       | 1 2 |  2.0
Slings         | 1 2 |  2.0
Crossbows      | 1 2 |  2.0
Throwing       | 1 2 |  2.0
Dodging        | 1 2 |  2.0
Shields        | 1 2 |  2.0
Unarmed Combat | 1 2 |  2.0
Spellcasting   | 1 2 |  2.0
Conjurations   | 1 |  1.6
Hexes          | 1 |  1.6
Charms         | 1 |  1.6
Summonings     | 1 |  1.6
Necromancy     | 1 |  1.6
Translocations | 1 |  1.6
Transmutations | 1 |  1.6
Fire Magic     | 1 |  1.6
Ice Magic      | 1 |  1.6
Air Magic      | 1 |  1.6
Earth Magic    | 1 |  1.6
Poison Magic   | 1 |  1.6
Bows           | 3 |  3.3
Armour         | 3 |  3.3
Evocations     | 3 |  3.3
Fighting       | 5 |  5.0
Staves         | |  6.8
Stealth        | |  4.6

Action                   |  1- 3 |  4- 6 || total
-------------------------+-------+-------++-------
Melee: Quarterstaff      |   106 |    85 ||   191
       Bite              |     9 |    12 ||    21
Throw: Stone             |     2 |     7 ||     9
       Boomerang         |       |     7 ||     7
Evoke: Wand              |       |     2 ||     2
  Use: Potion            |       |     5 ||     5
       Scroll            |       |     2 ||     2
 Stab: Distracted        |     1 |       ||     1
       Sleeping          |     1 |       ||     1
  Eat: Chunk             |       |     4 ||     4
Armor: Leather armour    |    23 |       ||    23
       Robe              |     1 |       ||     1
       Scale mail        |    17 |    21 ||    38
Dodge: Dodged            |    62 |    42 ||   104
